 Dungeon Crawl Stone Soup version 0.32-a0-329-ge6c31236d6 (console) character file.

Game seed: 18317372951843908350

12863 jejorda2 the Protected (level 12, 0/145 HPs)
             Began as a Gnoll Berserker on Feb 16, 2024.
             Was a Priest of Trog.
             Succumbed to a cane toad's poison
             ... on level 1 of the Lair of Beasts.
             The game lasted 00:31:42 (10879 turns).

jejorda2 the Protected (Gnoll Berserker)           Turns: 10879, Time: 00:31:43

Health: 0/145      AC: 24    Str: 21    XL:     12   Next: 0%
Magic:  22/22      EV:  9    Int:  7    God:    Trog [***...]
Gold:   276        SH:  0    Dex: 12    Spells: 25/25 levels left

rFire   . . .        a - +0 battleaxe (venom)
rCold   + . .        (shield currently unavailable)
rNeg    + . .        f - +4 plate armour {rC+}
rPois   .            y - +1 hat
rElec   .            n - +0 cloak
rCorr   +            (no gloves)
SInv    .            E - +2 pair of boots
Will    .....        (no amulet) Stlth
                     t - ring of positive energy
HPRegen 0.44/turn    q - ring of resist corrosion
MPRegen 0.18/turn

%: no passive effects
@: berserking, lethally poisoned (0 -> -20), studying Armour, very quick
A: fangs 1, strong nose, distributed training
a: Renounce Religion, Berserk, Trog's Hand


You were on level 1 of the Lair of Beasts.
You worshipped Trog.
Trog was most pleased with you.
You visited 2 branches of the dungeon, and saw 12 of its levels.

You collected 491 gold pieces.
You spent 215 gold pieces at shops.

Inventory:

Hand Weapons
 a - a +0 battleaxe of venom (weapon)
 b - a +0 dire flail
 x - the +5 spear of Slow Death {heavy, rPois rF+ rN+ Int+2}
   (You took it off an orc on level 9 of the Dungeon)

   Int+2:     It affects your intelligence (+2).
   rF+:       It protects you from fire.
   rPois:     It protects you from poison rN+: It protects you from negative
   energy.
Missiles
 d - 3 curare-tipped darts
 j - 5 darts of dispersal
 o - 7 javelins
 u - 4 atropa-tipped darts
 w - 2 throwing nets
 A - 41 poisoned darts (quivered)
Armour
 f - a +4 plate armour of cold resistance (worn)
 n - a +0 cloak (worn)
 r - a +4 chain mail of fire resistance
 y - a +1 hat (worn)
 E - a +2 pair of boots (worn)
Jewellery
 q - a ring of resist corrosion (right hand)
 t - a ring of positive energy (left hand)
 z - a ring of protection from cold
 C - a ring of fire
Wands
 s - a wand of flame (36)
 D - a wand of digging (6)
 F - a wand of iceblast (8)
Scrolls
 c - 10 scrolls of teleportation
 e - a scroll of blinking
 m - a scroll of enchant armour
 p - a scroll of enchant weapon
Potions
 g - a potion of invisibility
 h - 3 potions of attraction
 i - a potion of heal wounds
 k - 2 potions of mutation
 l - a potion of resistance
 v - a potion of lignification
 B - 3 potions of curing


   Skills:
 + Level 9.7 Fighting
 + Level 7.1 Short Blades
 + Level 7.1 Long Blades
 + Level 9.7 Axes
 + Level 7.1 Maces & Flails
 + Level 7.1 Polearms
 + Level 7.1 Staves
 + Level 7.1 Ranged Weapons
 + Level 7.1 Throwing
 + Level 10.3 Armour
 + Level 8.5 Dodging
 + Level 7.1 Stealth
 + Level 7.1 Shields
 + Level 7.1 Unarmed Combat
 + Level 7.1 Spellcasting
 + Level 5.8 Conjurations
 + Level 5.8 Hexes
 + Level 5.8 Summonings
 + Level 5.8 Necromancy
 + Level 5.8 Translocations
 + Level 5.8 Fire Magic
 + Level 5.8 Ice Magic
 + Level 5.8 Air Magic
 + Level 5.8 Earth Magic
 + Level 5.8 Alchemy
 + Level 7.7 Invocations
 + Level 7.1 Evocations
 + Level 6.4 Shapeshifting


You had 25 spell levels left.
You didn't know any spells.
Your spell library was empty.

Dungeon Overview and Level Annotations

Branches:
Dungeon (11/15)            Temple (0/1) D:6            Lair (1/5) D:9
    Orc (0/2) D:9

Altars:
Dithmenos
Elyvilon
Hepliaklqana
Kikubaaqudgha
Nemelex Xobeh
Okawaru
Ru
Vehumet
Wu Jian
Xom
Zin
Beogh

Shops:
D:3 [   D:5 :   D:6 ?   D:9 *


Innate Abilities, Weirdness & Mutations

You have very sharp teeth.
Your uncanny sense of smell can sniff out nearby items.
Your experience applies equally to all skills.


Message History

A red film seems to cover your vision as you go berserk!
You feel yourself moving faster!
You feel mighty!
You feel sick.
You kill the wolf!
Trog accepts your kill. The wolf bites you!
* * * LOW HITPOINT WARNING * * *
The cane toad stings you but does no damage.
You hit the cane toad.
The cane toad is heavily wounded.
You slice the wolf!!
You feel the power of Trog in you as your rage grows.
You kill the wolf!
Trog accepts your kill.
You feel sick. The cane toad barely misses you.
You completely miss the cane toad. Your bite misses the cane toad.
The cane toad is severely wounded.
You feel sick. The cane toad stings you!
* * * LOW HITPOINT WARNING * * *
You slash the cane toad!
The cane toad is moderately wounded.
You slash the cane toad!
The cane toad looks as sick as possible!
You feel sick.
You kill the cane toad!
Trog accepts your kill. The cane toad stings you.
* * * LOW HITPOINT WARNING * * *
You are lethally poisoned!
The cane toad poisons you!
You have reached level 12!
You feel clever.
Unknown command.
Unknown command.
You completely miss the cane toad.
The cane toad is moderately wounded.
* * * LOW HITPOINT WARNING * * *
You feel very sick.
You slash the cane toad!
The cane toad is severely wounded.
You die...

..... ##....
#.....##
#.....#### .
####....#..##.#
#.............#
##..†F†.....#
#...†@.#
##...<##
#.........#
#............
#.#..........#
.............##
...........#.#
.....#./..##..#
.###....... .#


You could see a cane toad.

Vanquished Creatures
  Erolcha (D:10)
  A centaur warrior (D:9)
  A boulder beetle (D:9)
  Urug (D:10)
  A lindwurm (D:9)
  Maurice (D:10)
  A cane toad (Lair:1)
  2 trolls
  5 hornets
  Prince Ribbit (D:7)
  A jumping spider (D:9)
  14 yaks
  3 steam dragons
  A redback (D:9)
  2 water moccasins (D:7)
  Duvessa (D:7)
  3 black bears
  2 ice beasts
  A sky beast (D:8)
  4 orc warriors
  An ogre (D:4)
  2 centaurs (D:8)
  A phantom (D:6)
  3 wolves (Lair:1)
  5 kobold brigands
  5 bullfrogs
  3 gnoll sergeants
  5 scorpions
  9 wights
  Dowan (D:7)
  3 electric eels (D:9)
  3 bombardier beetles
  3 howler monkeys
  2 lava snakes (D:9)
  11 hounds
  3 orc priests
  3 jellies
  A gnoll bouda (D:7)
  Terence (D:3)
  4 iguanas
  4 orc wizards
  19 gnolls
  3 adders
  A shadow imp (D:6)
  41 orcs
  3 endoplasms
  2 giant cockroaches
  8 goblins
  4 hobgoblins
  28 kobolds
  6 ball pythons
  5 bats (D:1)
  A frilled lizard (D:1)
  5 rats
246 creatures vanquished.

Vanquished Creatures (others)
  A sky beast (D:8)
1 creature vanquished.

Grand Total: 247 creatures vanquished

Notes
Turn   | Place    | Note
-------+----------+-------------------------------------------
     0 | D:1      | jejorda2 the Gnoll Berserker began the quest for the Orb.
     0 | D:1      | Reached XP level 1. HP: 23/23 MP: 1/1
    89 | D:1      | Reached XP level 2. HP: 28/29 MP: 2/2
   572 | D:1      | Reached XP level 3. HP: 35/35 MP: 3/3
   842 | D:1      | Reached skill level 1 in Invocations
  1818 | D:3      | Found a hazy altar of Hepliaklqana.
  1818 | D:3      | Found an iron altar of Okawaru.
  2162 | D:3      | Found Bodiwnah's Antique Armour Boutique.
  2169 | D:3      | Bought a runed chain mail for 150 gold pieces
  2236 | D:3      | Reached skill level 1 in Short Blades
  2236 | D:3      | Reached skill level 1 in Long Blades
  2236 | D:3      | Reached skill level 1 in Maces & Flails
  2236 | D:3      | Reached skill level 1 in Polearms
  2236 | D:3      | Reached skill level 1 in Staves
  2236 | D:3      | Reached skill level 1 in Ranged Weapons
  2236 | D:3      | Reached skill level 1 in Throwing
  2236 | D:3      | Reached skill level 1 in Stealth
  2236 | D:3      | Reached skill level 1 in Shields
  2236 | D:3      | Reached skill level 1 in Unarmed Combat
  2236 | D:3      | Reached skill level 1 in Spellcasting
  2236 | D:3      | Reached skill level 1 in Evocations
  2277 | D:3      | Noticed Terence
  2297 | D:3      | Killed Terence
  2298 | D:3      | Reached skill level 1 in Shapeshifting
  2298 | D:3      | Reached XP level 4. HP: 34/41 MP: 5/5
  2335 | D:4      | Reached skill level 1 in Conjurations
  2335 | D:4      | Reached skill level 1 in Hexes
  2335 | D:4      | Reached skill level 1 in Summonings
  2335 | D:4      | Reached skill level 1 in Necromancy
  2335 | D:4      | Reached skill level 1 in Translocations
  2335 | D:4      | Reached skill level 1 in Fire Magic
  2335 | D:4      | Reached skill level 1 in Ice Magic
  2335 | D:4      | Reached skill level 1 in Air Magic
  2335 | D:4      | Reached skill level 1 in Earth Magic
  2335 | D:4      | Reached skill level 1 in Alchemy
  2414 | D:4      | Reached XP level 5. HP: 47/47 MP: 7/7
  2423 | D:4      | Reached ** piety under Trog
  2782 | D:4      | Noticed an ogre
  2785 | D:4      | Reached XP level 6. HP: 51/53 MP: 8/8
  2792 | D:4      | Reached skill level 5 in Armour
  2792 | D:4      | Reached skill level 5 in Dodging
  2878 | D:4      | HP: 1/53 [gnoll/+0 halberd (9)]
  3364 | D:4      | Reached XP level 7. HP: 60/60 MP: 10/10
  3537 | D:4      | Found a sparkling altar of Nemelex Xobeh.
  3693 | D:5      | Entered Level 5 of the Dungeon
  3794 | D:5      | Found Gabboame's Book Boutique.
  3924 | D:5      | Found a glowing silver altar of Zin.
  4319 | D:5      | Found a sacrificial altar of Ru.
  4336 | D:5      | Reached XP level 8. HP: 67/67 MP: 12/12
  4852 | D:6      | Found Wuw Osee's Magic Scroll Emporium.
  4860 | D:6      | Bought a scroll of teleportation for 39 gold pieces
  4860 | D:6      | Bought a scroll of identify for 26 gold pieces
  5186 | D:6      | Found a staircase to the Ecumenical Temple.
  5302 | D:6      | Reached skill level 6 in Armour
  5447 | D:7      | Reached XP level 9. HP: 73/73 MP: 14/14
  5512 | D:7      | Identified a scroll of acquirement
  5512 | D:7      | Acquired a manual of Armour
  5521 | D:7      | Noticed Dowan
  5559 | D:7      | Killed Dowan
  5571 | D:7      | Noticed Duvessa
  5583 | D:7      | Killed Duvessa
  5888 | D:7      | Found an ancient bone altar of Kikubaaqudgha.
  5991 | D:7      | Reached skill level 5 in Invocations
  6025 | D:7      | Reached skill level 7 in Armour
  6053 | D:7      | Noticed Prince Ribbit
  6064 | D:7      | Killed Prince Ribbit
  6254 | D:7      | Found a shimmering altar of Xom.
  6574 | D:7      | Found a shadowy altar of Dithmenos.
  6672 | D:8      | Noticed a hornet
  6682 | D:8      | Killed a hornet
  6683 | D:8      | Reached skill level 5 in Short Blades
  6683 | D:8      | Reached skill level 5 in Long Blades
  6683 | D:8      | Reached skill level 5 in Maces & Flails
  6683 | D:8      | Reached skill level 5 in Polearms
  6683 | D:8      | Reached skill level 5 in Staves
  6683 | D:8      | Reached skill level 5 in Ranged Weapons
  6683 | D:8      | Reached skill level 5 in Throwing
  6683 | D:8      | Reached skill level 5 in Stealth
  6683 | D:8      | Reached skill level 5 in Shields
  6683 | D:8      | Reached skill level 5 in Unarmed Combat
  6683 | D:8      | Reached skill level 5 in Spellcasting
  6683 | D:8      | Reached skill level 5 in Evocations
  6683 | D:8      | Reached XP level 10. HP: 81/81 MP: 17/17
  6757 | D:8      | Found a white marble altar of Elyvilon.
  7257 | D:8      | Reached skill level 8 in Armour
  7859 | D:9      | Reached *** piety under Trog
  7946 | D:9      | Reached skill level 5 in Shapeshifting
  7992 | D:9      | Identified the +5 spear of Slow Death {heavy, rPois rF+ rN+
                  | Int+2}
  8336 | D:9      | Found a roughly hewn altar of Beogh.
  8336 | D:9      | Found a staircase to the Orcish Mines.
  8366 | D:9      | Found a staircase to the Lair.
  8401 | D:9      | Noticed a centaur warrior
  8424 | D:9      | Killed a centaur warrior
  8425 | D:9      | Reached skill level 5 in Conjurations
  8425 | D:9      | Reached skill level 5 in Hexes
  8425 | D:9      | Reached skill level 5 in Summonings
  8425 | D:9      | Reached skill level 5 in Necromancy
  8425 | D:9      | Reached skill level 5 in Translocations
  8425 | D:9      | Reached skill level 5 in Fire Magic
  8425 | D:9      | Reached skill level 5 in Ice Magic
  8425 | D:9      | Reached skill level 5 in Air Magic
  8425 | D:9      | Reached skill level 5 in Earth Magic
  8425 | D:9      | Reached skill level 5 in Alchemy
  8606 | D:9      | Found Raamykex's Demolitions Depot.
  8695 | D:9      | Found a radiant altar of Vehumet.
  8704 | D:9      | Found an ornate altar of the Wu Jian Council.
  9050 | D:9      | Found a runed translucent door.
  9068 | D:9      | Reached skill level 9 in Armour
  9068 | D:9      | Reached XP level 11. HP: 74/89 MP: 20/20
  9068 | D:9      | Identified the +1 whip of Lies {venom, rElec rF+ Str+4
                  | Int-5}
  9077 | D:9      | Found a runed translucent gate.
  9077 | D:9      | Found a runed translucent gate.
  9077 | D:9      | Found a runed translucent gate.
  9077 | D:9      | Found a runed translucent gate.
  9077 | D:9      | Noticed a boulder beetle
  9078 | D:9      | Found a runed translucent gate.
  9083 | D:9      | Found a runed translucent gate.
  9083 | D:9      | Noticed a lindwurm
  9148 | D:9      | Killed a boulder beetle
  9196 | D:9      | Killed a lindwurm
  9426 | D:10     | Entered Level 10 of the Dungeon
  9434 | D:10     | Noticed Urug
  9441 | D:10     | Paralysed by a hornet for 2 turns
  9454 | D:10     | Killed Urug
  9695 | D:10     | Noticed Erolcha
  9749 | D:10     | Killed Erolcha
 10026 | D:10     | Reached skill level 10 in Armour
 10184 | D:10     | Noticed Maurice
 10187 | D:10     | Maurice stole the +5 spear of Slow Death {heavy, rPois rF+
                  | rN+ Int+2}
 10190 | D:10     | Killed Maurice
 10866 | Lair:1   | Entered Level 1 of the Lair of Beasts
 10878 | Lair:1   | Reached XP level 12. HP: 8/97 MP: 22/22
 10878 | Lair:1   | HP: 4/145 [poisoned by a cane toad]
 10879 | Lair:1   | Succumbed to a cane toad's poison

Illustrated notes

Levels and vault maps discovered:
D:1:      scummos_arrival_forest, layout_loops_corners,
          minmay_misc_feat_ornament
D:2:      layout_basic, serial_park_tiny_pond
D:3:      layout_rooms, mainiacjoe_overflow_catch_the_wave, serial_shops,
          nicolae_square_shop, minmay_misc_feat_rows, minmay_misc_feat_hallway,
          uniq_terence
D:4:      layout_gridville, nemelex_dance_club_becter, nicolae_grassy_gnolls
D:5:      layout_loops_ring, mainiacjoe_overflow_tiny_flanked,
          nicolae_ru_sacrificial_ziggurat, serial_shops,
          nicolae_shop_rolling_square
D:6:      layout_cave_pools, temple_statues, serial_shops,
          nicolae_shop_pleasant_corner_grove, dk_noncrumbling_3
D:7:      layout_rooms, regret_index_xom_buried_treasure, marbit_many_paths,
          mainiacjoe_overflow_24_doors, minivault_14, uniq_prince_ribbit1,
          uniq_duvessa
D:8:      layout_rooms, elyvilon_altar_1, kennysheep_generic_room_6
D:9:      gammafunk_indiana_jones, layout_loops_ring, mainiacjoe_overflow_swirl,
          erik_lair_island, david_orc_5, nicolae_blasting_shop
D:10:     layout_loops_ring, uniq_maurice, uniq_urug, uniq_erolcha
D:11:     layout_loops_ring, solitary_fountain, uniq_snorg, uniq_harold
Lair:1:   hellmonk_ruined_rings, layout_gridlike, minmay_lair_oklob_items

Skill      XL: |  1  2  3  4  5  6  7  8  9 10 11 |
---------------+----------------------------------+-----
Invocations    | 1 2 3 4 5 6 7 |  7.7
Short Blades   | 1 2 3 5 6 7 |  7.1
Long Blades    | 1 2 3 5 6 7 |  7.1
Maces & Flails | 1 2 3 5 6 7 |  7.1
Polearms       | 1 2 3 5 6 7 |  7.1
Staves         | 1 2 3 5 6 7 |  7.1
Ranged Weapons | 1 2 3 5 6 7 |  7.1
Throwing       | 1 2 3 5 6 7 |  7.1
Stealth        | 1 2 3 5 6 7 |  7.1
Shields        | 1 2 3 5 6 7 |  7.1
Unarmed Combat | 1 2 3 5 6 7 |  7.1
Spellcasting   | 1 2 3 5 6 7 |  7.1
Evocations     | 1 2 3 5 6 7 |  7.1
Shapeshifting  | 1 2 3 4 5 6 |  6.4
Conjurations   | 1 2 3 4 5 |  5.8
Hexes          | 1 2 3 4 5 |  5.8
Summonings     | 1 2 3 4 5 |  5.8
Necromancy     | 1 2 3 4 5 |  5.8
Translocations | 1 2 3 4 5 |  5.8
Fire Magic     | 1 2 3 4 5 |  5.8
Ice Magic      | 1 2 3 4 5 |  5.8
Air Magic      | 1 2 3 4 5 |  5.8
Earth Magic    | 1 2 3 4 5 |  5.8
Alchemy        | 1 2 3 4 5 |  5.8
Armour         | 5 6 7 9 10 | 10.3
Dodging        | 5 6 7 8 |  8.5
Fighting       | 7 8 9 |  9.7
Axes           | 7 8 9 |  9.7

Action                     |  1- 3 |  4- 6 |  7- 9 | 10-12 || total
---------------------------+-------+-------+-------+-------++-------
  Melee: Hand axe          |    98 |    77 |   102 |       ||   277
         Bite              |    13 |    12 |    39 |    53 ||   117
         War axe           |       |       |   169 |       ||   169
         Broad axe         |       |       |    71 |   122 ||   193
         Battleaxe         |       |       |       |   306 ||   306
         Spear             |       |       |       |     2 ||     2
  Throw: Dart              |       |     2 |     9 |     6 ||    17
         Javelin           |       |     1 |     3 |       ||     4
 Invoke: Berserk           |       |     6 |     7 |    11 ||    24
         Trog's Hand       |       |     1 |     5 |     7 ||    13
  Evoke: Wand              |       |     1 |       |     5 ||     6
    Use: Scroll            |       |       |    17 |     6 ||    23
         Potion            |       |       |     1 |     1 ||     2
 Armour: Animal skin       |    38 |       |       |       ||    38
         Chain mail        |     9 |    53 |   100 |    30 ||   192
         Plate armour      |       |       |   185 |   498 ||   683
  Dodge: Dodged            |    69 |    34 |   158 |   203 ||   464
  Block: Buckler           |       |       |    69 |    32 ||   101

Table legend: (Time is in decaauts)
 A = Elapsed time spent in this place.
 B = Non-inter-level travel time spent in this place.
 C = Inter-level travel time spent in this place.
 D = Time resting spent in this place.
 E = Time spent auto-exploring this place.
 F = Levels seen in this place.
 G = Mean time per level.
                   A        B        C        D        E       F      G
               +--------+--------+--------+--------+--------+-----+--------+
         Total |  11208 |  10787 |    421 |   1239 |   7272 |  12 |  934.0 |
       Dungeon |  11194 |  10774 |    420 |   1239 |   7272 |  11 | 1017.6 |
          Lair |     13 |     13 |      0 |      0 |      0 |   1 |   13.0 |
               +--------+--------+--------+--------+--------+-----+--------+

Top non-repeatable levels by time:
     D:9: 2116 daAuts
     D:4: 1381 daAuts
    D:10: 1212 daAuts
     D:7: 1193 daAuts
     D:5: 1089 daAuts
     D:8: 1070 daAuts
     D:1: 929 daAuts
     D:2: 851 daAuts
     D:6: 765 daAuts
     D:3: 582 daAuts
  Lair:1: 13 daAuts
    D:11: 1 daAuts
